 Dungeon Crawl Stone Soup version 0.31-a0-1178-gc5c9b8f871 (webtiles) character file.

Game seed: 17857772548085195723

209 qw the Shooter (level 5, -3/33 HPs)
             Began as a Gargoyle Hunter on Dec 11, 2023.
             Was an Initiate of Okawaru.
             Slain by a yak (12 damage)
             ... on level 4 of the Dungeon.
             The game lasted 00:01:08 (3025 turns).

qw the Shooter (Gargoyle Hunter)                    Turns: 3025, Time: 00:01:09

Health: -3/33      AC:  7    Str: 15    XL:     5   Next: 87%
Magic:  5/5        EV: 11    Int:  9    God:    Okawaru [......]
Gold:   66         SH:  0    Dex: 15    Spells: 4/4 levels left

rFire   + . .        a - +2 shortbow
rCold   . . .        (shield currently unavailable)
rNeg    + . .        c - +0 leather armour
rPois   inf          (no helmet)
rElec   +            (no cloak)
rCorr   .            (no gloves)
SInv    +            (no boots)
Will    .....        (no amulet)
Stlth   ++           p - ring of see invisible
HPRegen 0.25/turn    b - ring of protection from fire
MPRegen 0.09/turn

%: no passive effects
@: no status effects
A: sickness immunity, AC +4, negative energy resistance 1, electricity
resistance, torment resistance 1, petrification resistance
a: Renounce Religion


You were on level 4 of the Dungeon.
You worshipped Okawaru.
Okawaru was noncommittal.
You visited 2 branches of the dungeon, and saw 5 of its levels.

You collected 142 gold pieces.
You spent 76 gold pieces at shops.


Innate Abilities, Weirdness & Mutations

You are immune to sickness and miasma.
Your stone body is resilient. (AC +4)
You are immune to poison.
You resist negative energy. (rN+)
You are resistant to electric shocks. (rElec)
You are resistant to unholy torment.
You are immune to petrification.


   Skills:
 - Level 4.2 Fighting
 + Level 6.0 Ranged Weapons
 - Level 1.5 Dodging
 - Level 1.1 Stealth


You had 4 spell levels left.
You didn't know any spells.
Your spell library was empty.

Inventory:

Hand Weapons
 a - a +2 shortbow (weapon)
Armour
 c - a +0 leather armour (worn)
Jewellery
 b - a ring of protection from fire (right hand)
 j - a ring of ice
 p - a ring of see invisible (left hand)
 Y - a ring of resist corrosion
Wands
 o - a wand of charming (5)
Scrolls
 f - 2 scrolls of teleportation
 h - a scroll of identify
Potions
 d - a potion of mutation
 e - 2 potions of curing
 g - a potion of haste {unknown}
 i - a potion of degeneration {unknown}
 l - a potion of heal wounds

Dungeon Overview and Level Annotations

Branches:
Dungeon (4/15)             Temple (1/1) D:4

Altars:
Ashenzari
Cheibriados
Dithmenos
Elyvilon
Gozag
Hepliaklqana
Kikubaaqudgha
Makhleb
Nemelex Xobeh
Okawaru
Qazlal
Sif Muna
Trog
Uskayaw
Vehumet
Wu Jian
Xom
Zin
The Shining One

Shops:
D:1 ?   D:3 *


Message History

Moving in this stuff is going to be slow.
Found 3 poisoned darts.
Found a stone staircase leading down.
h - a scroll of identify You now have 38 gold pieces (gained 10).
You now have 48 gold pieces (gained 10).
You now have 57 gold pieces (gained 9).
You enter the shallow water.
Moving in this stuff is going to be slow.
You enter the shallow water.
Moving in this stuff is going to be slow.
You now have 66 gold pieces (gained 9).
i - a sapphire potion
Enter note: You open the door.
There is an open door here.
There is an open door here.
You enter the shallow water.
Moving in this stuff is going to be slow.
You open the door.
There is an open door here.
A yak comes into view.
The yak bellows!
You shoot an arrow. The arrow closely misses the yak.
You shoot an arrow. The arrow barely misses the yak.
You shoot an arrow. The arrow hits the yak.
The yak is lightly wounded.
You shoot an arrow. The arrow closely misses the yak.
You shoot an arrow. The arrow closely misses the yak.
The yak barely misses you.
You shoot an arrow. The arrow hits the yak!
The yak is moderately wounded.
The yak gores you!
You shoot an arrow. The arrow hits the yak!
The yak is heavily wounded.
The yak gores you!
You shoot an arrow. The arrow hits the yak!
The yak is severely wounded.
The yak gores you!
You die...

#...#.####+###....####
#.#......#..#........#
#~~~~.#....~~~~.#.##.##
~~##~.#.#.~~##~.#.##..#
~##~~~~~~~~##~~.#.~~~~#
############~~~~~~~##~#
# ######~##~~##
.#.#.#.###~~..####
#...~.Y@.'~......#
.#.#.#.###~~.##..#
###~##~~###.# #####
##### ~~~~##~.##.#
~~~~##~~~~~#
#..~~~~.##.# ...~~##~#
~~##~ #..##.#.>#
###.~~~~###~~~~
#.......# #.##.......#
##...#### #.##.......#
###.#


You could see a yak.

Vanquished Creatures
  A scorpion (D:4)
  A sleepcap (D:3)
  An iguana (D:3)
  An adder (D:3)
  2 worms (D:3)
  A dart slug (D:2)
  3 orcs
  5 ball pythons
  8 bats
  9 endoplasms
  2 giant cockroaches (D:1)
  5 goblins
  6 hobgoblins
  11 jackals
  2 quokkas
  2 frilled lizards
  6 kobolds
  2 rats
68 creatures vanquished.

Notes
Turn   | Place    | Note
-------+----------+-------------------------------------------
     0 | D:1      | qw the Gargoyle Hunter began the quest for the Orb.
     0 | D:1      | Reached XP level 1. HP: 12/12 MP: 1/1
     0 | D:1      | 0 ||| qw: Version: 0.3-a-106-g2cfff9e
     0 | D:1      | 0 ||| qw: Game counter: 1988
     0 | D:1      | 0 ||| qw: Melee chars always use a shield: true
     0 | D:1      | 0 ||| qw: God list: Okawaru
     0 | D:1      | 0 ||| qw: Allow faded altars: false
     0 | D:1      | 0 ||| qw: Do Orc after clearing Dungeon:15 true
     0 | D:1      | 0 ||| qw: Do second Lair branch before Depths: true
     0 | D:1      | 0 ||| qw: Lair rune preference: random
     0 | D:1      | 0 ||| qw: Goals: Normal, Save, Zot:1-4, Win
     0 | D:1      | 0 ||| PLANNING D:1-11
    74 | D:1      | Reached XP level 2. HP: 17/17 MP: 2/2
   375 | D:1      | Found Vapoz's Magic Scroll Shoppe.
   383 | D:1      | 383 ||| SHOPLISTING scroll of enchant weapon (82 gold, have
                  | 49).
   383 | D:1      | 383 ||| BUYING scroll of teleportation (33 gold).
   383 | D:1      | Bought a scroll of teleportation for 33 gold pieces
   393 | D:1      | Reached XP level 3. HP: 21/21 MP: 3/3
   441 | D:1      | Reached skill level 5 in Ranged Weapons
   731 | D:1      | 731 ||| UPGRADING to ring of protection from fire.
   732 | D:1      | 732 ||| READING scroll labelled LUSEV LEFUHUET.
   733 | D:1      | 733 ||| READING 2 scrolls labelled CYWAMY JIRUKH.
   733 | D:1      | 733 ||| IDENTIFYING fizzy ruby potion
   734 | D:1      | 734 ||| READING scroll of identify.
   734 | D:1      | 734 ||| IDENTIFYING 2 smoky inky potions
   735 | D:1      | 735 ||| READING scroll labelled CAXZAO GEOHAON.
   736 | D:1      | 736 ||| DROPPING scroll of butterflies.
   737 | D:1      | 737 ||| DROPPING potion of berserk rage.
  1059 | D:2      | Reached skill level 3 in Fighting
  1533 | D:2      | 1533 ||| UPGRADING to ring of resist corrosion.
  1534 | D:2      | 1534 ||| READING 3 scrolls of identify.
  1534 | D:2      | 1534 ||| IDENTIFYING inky potion
  1535 | D:2      | 1535 ||| READING 2 scrolls of identify.
  1535 | D:2      | 1535 ||| IDENTIFYING fizzy pink potion
  1536 | D:2      | 1536 ||| READING scroll of identify.
  1536 | D:2      | 1536 ||| IDENTIFYING scroll labelled WEHEGANOETE
  1537 | D:2      | 1537 ||| READING 2 scrolls labelled TEUCEM RIAPI.
  1538 | D:2      | 1538 ||| READING scroll labelled EDERIL PAGURGH.
  1555 | D:2      | 1555 ||| READING 2 scrolls labelled FUFYFY WATATWO.
  1556 | D:2      | 1556 ||| DROPPING scroll of immolation.
  1557 | D:2      | 1557 ||| DROPPING scroll of blinking.
  1558 | D:2      | 1558 ||| DROPPING potion of brilliance.
  1559 | D:2      | 1559 ||| DROPPING scroll of noise.
  1598 | D:3      | Reached XP level 4. HP: 28/28 MP: 4/4
  1653 | D:3      | Reached XP level 5. HP: 16/32 MP: 5/5
  1755 | D:3      | Reached skill level 6 in Ranged Weapons
  1880 | D:3      | Found Woetox's Assorted Antiques.
  1888 | D:3      | 1888 ||| BUYING grey potion (20 gold).
  1888 | D:3      | Bought a grey potion for 20 gold pieces
  1888 | D:3      | 1888 ||| SHOPLISTING potion of curing (69 gold, have 29).
  1888 | D:3      | 1888 ||| SHOPLISTING ring mail (92 gold, have 29).
  1888 | D:3      | 1888 ||| BUYING scroll labelled OCWOUM IVIXZUIZEDD (23
                  | gold).
  1888 | D:3      | Bought a scroll labelled OCWOUM IVIXZUIZEDD for 23 gold
                  | pieces
  1888 | D:3      | 1888 ||| SHOPLISTING shiny helmet (172 gold, have 6).
  2361 | D:3      | 2361 ||| UPGRADING to ring of see invisible.
  2363 | D:3      | 2363 ||| UPGRADING to ring of protection from fire.
  2365 | D:3      | 2365 ||| READING scroll of identify.
  2365 | D:3      | 2365 ||| IDENTIFYING grey potion
  2366 | D:3      | 2366 ||| READING scroll labelled YZYUCERGHINT.
  2367 | D:3      | 2367 ||| READING 2 scrolls labelled TOINURGH SUBURPH.
  2468 | D:3      | 2468 ||| READING scroll labelled OCWOUM IVIXZUIZEDD.
  2469 | D:3      | 2469 ||| READING scroll labelled JUSUUF ZAXACS.
  2469 | D:3      | 2469 ||| ENCHANTING +0 shortbow.
  2470 | D:3      | 2470 ||| DROPPING scroll of vulnerability.
  2521 | D:4      | 2521 ||| READING scroll of enchant weapon.
  2521 | D:4      | 2521 ||| ENCHANTING +1 shortbow.
  2680 | D:4      | Found a staircase to the Ecumenical Temple.
  2681 | D:4      | 2681 ||| PLANNING TEMPLE
  2684 | Temple   | Found a transporter.
  2684 | Temple   | Found a transporter.
  2684 | Temple   | Found a transporter.
  2684 | Temple   | Found a transporter.
  2684 | Temple   | Entered the Ecumenical Temple
  2685 | Temple   | 2685 ||| PLANNING D:1-11
  2695 | Temple   | 2695 ||| PLANNING OKAWARU WORSHIP
  2702 | Temple   | Became a worshipper of Warmaster Okawaru
  2703 | Temple   | 2703 ||| PLANNING D:1-11
  3017 | D:4      | Noticed a yak
  3025 | D:4      | Slain by a yak

Levels and vault maps discovered:
D:1:      saegor_arrival_under_anarchy, layout_basic, serial_shops, shop
D:2:      layout_basic, minmay_cut_off
D:3:      layout_loops_ring, serial_shops, shop
D:4:      minmay_bubble_buster, layout_loops_cross,
          minmay_temple_entry_glassed_door, minivault_5,
          chequers_serial_rivers_micro_b, minmay_manual_mullet
Temple:   hellmonk_temple_divided_pantheon

Skill      XL: |  1  2  3  4  5 |
---------------+----------------+-----
Ranged Weapons | 5 6 |  6.0
Fighting       | 3 4 |  4.2
Dodging        | |  1.5
Stealth        | |  1.1

Action                     |  1- 3 |  4- 6 || total
---------------------------+-------+-------++-------
   Fire: Shortbow          |   137 |   105 ||   242
    Use: Scroll            |    10 |     6 ||    16
 Armour: Leather armour    |    35 |    19 ||    54
  Dodge: Dodged            |    44 |    12 ||    56

Table legend:
 A = Non-vault XP
 B = Vault XP
 C = Vault XP percentage of total XP
 D = Non-vault monster count
 E = Vault monster count
 F = Vault count percentage of total count
                 A         B        C        D         E       F
            +---------+---------+-------+---------+---------+-------
      Total |     291 |       8 |   2.7 |      64 |       4 |   5.9
            +---------+---------+-------+---------+---------+-------
        D:1 |      47 |       0 |   0.0 |      25 |       0 |   0.0
        D:2 |      24 |       8 |  25.0 |      14 |       4 |  22.2
        D:3 |     126 |       0 |   0.0 |      21 |       0 |   0.0
        D:4 |      94 |       0 |   0.0 |       4 |       0 |   0.0
            +---------+---------+-------+---------+---------+-------
